Map: Catalyst LE

Players

Nerchio

  • Race: Zerg Zerg
  • Spawn Location: 5:00

HeRoMaRinE - Winner!

  • Race: Terran Terran
  • Spawn Location: 11:00

Event: WCS Leipzig 2018

VOD

Have the link to the VOD?

Description

Time

  • Played on: Jan. 26, 2018, 12:13 p.m.
  • Length: 11:50

All games in this series

Show
View Real Time Build Order
Export as new Build Order

Nerchio Zerg 

Build Orders: Hatch First 

Get SALT Encoding   

  12  0:00  Drone  
  13  0:12  Overlord  
  13  0:17  Drone  
  14  0:31  Drone x2  
  14  0:34  Drone  
  17  0:52  Hatchery  
  17  0:55  Drone  
  17  0:58  Drone  
  18  1:08  Extractor  
  17  1:12  Spawning Pool  
  17  1:16  Drone  
  17  1:19  Drone  
  18  1:28  Drone  
  19  1:38  Overlord  
  19  1:50  Drone  
  20  1:59  Queen  
  22  2:03  Queen  
  22  2:04  Zergling x4  
  22  2:08  Metabolic Boost  
  26  2:12  Drone  
  26  2:15  Drone  
  28  2:21  Drone  
  29  2:25  Drone  
  30  2:38  Hatchery  
  30  2:40  Drone  
  30  2:42  Drone  
  30  2:44  Drone  
  32  2:47  Drone  
  33  2:53  Queen  
  33  2:58  Overlord  
  35  3:01  Drone  
  36  3:16  Drone x7  
  36  3:19  Overlord  
  43  3:35  Overlord  
  43  3:37  Queen x2  
  43  3:41  Drone x3  
  50  3:47  Drone x2, Baneling Nest  
  51  3:49  Drone  
  51  3:50  Drone  
  51  3:54  Queen  
  55  3:58  Zergling x4  
  55  4:00  Zergling x2  
  58  4:04  Overlord  
  58  4:09  Drone x3  
  61  4:11  Overlord  
  61  4:17  Drone x2  
  61  4:18  Overlord  
  61  4:23  Zergling x2  
  61  4:24  Zergling x6  
  65  4:29  Queen  
  67  4:31  Baneling x4  
  67  4:32  Baneling  
  67  4:34  Zergling x2  
  67  4:35  Zergling x2  
  67  4:37  Zergling x2  
  70  4:39  Zergling x2  
  70  4:41  Queen  
  70  4:43  Zergling x2  
  72  4:50  Drone x2  
  72  4:51  Drone x3  
  71  4:52  Drone  
  71  4:55  Drone  
  71  4:57  Drone  
  71  4:59  Drone x2  
  74  5:02  Drone x2  
  74  5:06  Lair  
  76  5:09  Extractor  
  76  5:10  Extractor  
  76  5:12  Drone x3  
  76  5:13  Drone  
  78  5:18  Extractor  
  78  5:19  Drone  
  78  5:20  Drone, Extractor x2, Spore Crawler  
  76  5:22  Spore Crawler  
  76  5:25  Drone, Spore Crawler  
  76  5:27  Drone  
  76  5:29  Overlord  
  76  5:31  Zergling x6  
  76  5:32  Baneling x2  
  79  5:37  Drone x4  
  79  5:39  Drone x2  
  85  5:43  Overlord  
  85  5:48  Evolution Chamber  
  85  5:49  Evolution Chamber  
  83  5:50  Drone  
  83  5:52  Drone  
  83  5:53  Drone  
  86  5:57  Drone x2  
  86  5:59  Overlord  
  86  6:03  Drone x2  
  86  6:04  Drone x2  
  92  6:08  Hydralisk Den  
  92  6:09  Infestation Pit  
  92  6:10  Overseer  
  90  6:12  Zergling x8  
  90  6:13  Zergling x2  
  95  6:20  Drone x3  
  98  6:32  Zerg Ground Armor Level 1  
  98  6:35  Hatchery, Overlord  
  97  6:40  Hydralisk x3, Muscular Augments  
  102  6:49  Zergling x2  
  102  6:50  Zergling x6  
  102  6:54  Overlord  
  102  6:57  Hydralisk x4  
  102  6:58  Hydralisk  
  102  7:00  Hydralisk  
  106  7:03  Pneumatized Carapace  
  106  7:08  Hydralisk x3  
  112  7:18  Hydralisk x3  
  112  7:19  Hydralisk x2, Zerg Missile Weapons Level 1  
  112  7:21  Overlord  
  122  7:24  Overlord  
  122  7:27  Overlord x2  
  122  7:29  Overlord  
  122  7:39  Hive  
  122  7:42  Drone x6  
  128  7:48  Drone x2  
  128  7:50  Drone  
  131  7:51  Extractor  
  131  7:53  Overlord  
  131  7:55  Extractor  
  131  7:58  Hydralisk x5  
  129  8:04  Hydralisk  
  129  8:05  Hydralisk x2  
  145  8:08  Hydralisk x2  
  145  8:12  Hydralisk  
  150  8:17  Hydralisk x3  
  157  8:20  Drone x3  
  159  8:27  Hydralisk  
  159  8:28  Hydralisk x2  
  159  8:29  Zergling x2  
  159  8:44  Hydralisk x5  
  159  8:45  Hydralisk x2  
  159  8:46  Zergling x2  
  160  8:50  Hydralisk  
  160  8:52  Zergling x2  
  160  8:53  Zergling x2  
  160  8:54  Zergling x4  
  158  8:58  Overlord x2  
  148  9:04  Drone x6  
  148  9:05  Drone  
  155  9:11  Hydralisk x2  
  159  9:17  Viper x3  
  168  9:27  Hydralisk x3  
  168  9:28  Hydralisk  
  176  9:34  Overlord x2  
  176  9:39  Hatchery, Overlord x2  
  176  9:41  Overlord x2  
  176  9:43  Overlord  
  144  9:53  Hydralisk  
  144  9:54  Hydralisk x5  
  144  9:58  Hydralisk  
  139  10:00  Hydralisk  
  139  10:01  Hydralisk  
  139  10:02  Hydralisk  
  139  10:04  Hydralisk  
  143  10:07  Hydralisk  
  143  10:10  Hydralisk x2  
  149  10:14  Hydralisk x2  
  149  10:15  Hydralisk  
  149  10:19  Hydralisk  
  149  10:20  Hydralisk  
  159  10:24  Zergling x2  
  159  10:25  Zergling x10  
  159  10:26  Zergling x2  
  166  10:36  Hydralisk x4  
  166  10:37  Hydralisk  
  161  10:46  Hydralisk  
  161  10:47  Hydralisk x5  
  161  10:48  Hydralisk  
  145  10:50  Hydralisk  
  145  10:53  Zergling x4  
  145  10:54  Zergling x6  
  100  11:22  Hydralisk x10  
  109  11:26  Hydralisk  
Show
View Real Time Build Order
Export as new Build Order

HeRoMaRinE Terran - Winner!

Build Orders: Reaper Expand, Hellion Banshee, Mech 

Get SALT Encoding   

  12  0:00  SCV  
  13  0:12  SCV  
  14  0:17  Supply Depot  
  14  0:24  SCV  
  15  0:38  SCV  
  15  0:40  Barracks  
  16  0:44  Refinery  
  16  0:50  SCV  
  17  1:03  SCV  
  18  1:15  SCV  
  19  1:27  Reaper  
  19  1:28  Orbital Command  
  20  1:40  Command Center  
  20  1:52  Supply Depot  
  20  1:53  SCV  
  21  1:59  Marine  
  22  2:05  SCV  
  23  2:08  Factory  
  23  2:12  Refinery  
  23  2:18  SCV  
  23  2:21  Barracks Reactor  
  24  2:30  SCV  
  25  2:42  SCV  
  26  2:54  SCV, Orbital Command  
  26  2:57  Starport  
  27  3:01  Hellion x2  
  31  3:06  SCV, Marine  
  33  3:18  SCV  
  34  3:20  SCV  
  34  3:22  Hellion x2  
  34  3:24  Marine  
  34  3:25  Supply Depot  
  40  3:32  Armory  
  40  3:36  Medivac  
  42  3:42  Marine  
  42  3:46  Hellion  
  42  3:47  Hellion  
  47  3:49  SCV  
  47  3:50  SCV  
  49  3:56  Supply Depot  
  49  4:00  Barracks Tech Lab  
  49  4:01  SCV  
  49  4:02  SCV  
  51  4:11  Hellion  
  51  4:14  SCV  
  54  4:18  SCV, Hellion  
  55  4:26  SCV  
  55  4:30  SCV, Banshee  
  60  4:38  SCV  
  61  4:42  SCV  
  62  4:48  Hellion x2  
  62  4:50  SCV  
  56  4:54  SCV  
  49  5:00  Command Center  
  49  5:01  Marine  
  49  5:03  SCV  
  49  5:06  SCV  
  52  5:09  Hellion x2  
  52  5:12  Supply Depot  
  56  5:17  SCV  
  56  5:18  SCV  
  58  5:27  Factory  
  58  5:28  Factory  
  61  5:29  SCV  
  61  5:32  SCV, Refinery  
  61  5:33  Refinery  
  61  5:34  Supply Depot  
  62  5:40  Terran Vehicle Weapons Level 1  
  62  5:42  Barracks Tech Lab  
  60  5:43  SCV  
  60  5:44  SCV  
  60  5:47  Starport Reactor  
  62  5:55  SCV  
  62  5:56  SCV, Hellion x2  
  68  6:06  Refinery  
  68  6:07  SCV, Armory  
  68  6:08  SCV, Refinery  
  70  6:13  Factory x2  
  68  6:19  SCV  
  68  6:20  SCV  
  68  6:24  Thor  
  68  6:25  Thor  
  82  6:26  Hellion  
  82  6:27  Hellion  
  82  6:31  SCV  
  82  6:32  SCV  
  88  6:34  Supply Depot  
  88  6:36  Supply Depot  
  88  6:43  SCV  
  88  6:44  Orbital Command  
  88  6:50  SCV  
  86  6:55  SCV  
  78  7:02  SCV, Hellion x2, Medivac x2  
  78  7:03  Factory Tech Lab, Factory Reactor  
  78  7:08  SCV  
  88  7:13  Siege Tank  
  88  7:14  SCV  
  88  7:15  Siege Tank  
  95  7:16  SCV  
  95  7:20  SCV  
  97  7:25  Supply Depot  
  97  7:26  SCV  
  97  7:28  SCV  
  99  7:32  Supply Depot, Infernal Pre-Igniter  
  99  7:34  Siege Tank  
  99  7:36  Hellion x2  
  107  7:38  SCV  
  107  7:39  Terran Vehicle And Ship Armor Level 1  
  107  7:41  SCV x2  
  109  7:46  Supply Depot  
  109  7:47  Supply Depot  
  109  7:50  SCV  
  110  7:53  SCV x2  
  110  7:55  Siege Tank x2  
  118  8:08  Siege Tank  
  118  8:09  Hellion x4  
  127  8:16  Medivac x2  
  131  8:20  Supply Depot  
  131  8:21  SCV  
  131  8:22  Supply Depot  
  131  8:24  SCV x2  
  134  8:27  Siege Tank  
  134  8:28  Siege Tank  
  134  8:33  SCV  
  141  8:36  SCV  
  141  8:37  SCV  
  141  8:40  Siege Tank  
  131  8:45  SCV  
  127  8:48  SCV  
  127  8:53  SCV  
  122  8:59  Hellion x2, Siege Tank  
  122  9:00  SCV, Siege Tank  
  122  9:02  Viking x2  
  137  9:03  SCV  
  137  9:08  Supply Depot  
  136  9:10  Supply Depot  
  136  9:19  Hellion x2  
  136  9:21  Siege Tank  
  136  9:23  Engineering Bay  
  143  9:29  Hellion x2  
  147  9:32  Viking x2  
  147  9:33  Terran Vehicle Weapons Level 2  
  147  9:36  Hellion x4, SCV  
  147  9:37  SCV x2  
  149  9:42  Siege Tank  
  149  9:44  Hellion  
  154  9:48  Hellion  
  154  9:51  Siege Tank  
  149  9:53  Hellion  
  149  10:00  Hellion x2  
  149  10:05  Hellion, Viking x2  
  155  10:08  Supply Depot  
  155  10:10  Hellion  
  155  10:14  Siege Tank  
  155  10:19  Hellion  
  155  10:21  Hellion, Siege Tank  
  165  10:24  Hellion  
  167  10:32  Hellion  
  167  10:33  Hellion  
  167  10:39  SCV  
  167  10:41  Hellion  
  167  10:42  Hellion  
  152  10:45  Siege Tank  
  152  10:46  Siege Tank  
  141  10:53  Hellion  
  141  10:54  Hellion  
  147  10:57  Hellion  
  147  11:02  Hellion  
  149  11:10  Hellion  
  144  11:14  Siege Tank  
  144  11:15  Hellion  
  144  11:17  Siege Tank  
  133  11:18  Hellion, Siege Tank  
  131  11:29  Hellion  
Tags
 
Add a new tag
Caveats
  • Supply blocks, unpowered buildings, or Contaminate may cause inaccurate times.
  • Supply counts are checked every 10 seconds.